 Dungeon Crawl Stone Soup version 0.27-a0-1416-g941b2bd30b (webtiles) character file.

Game seed: 7936193411244141072

9897 kazelolz the Cleaver (level 11, -3/102 HPs)
             Began as a Minotaur Berserker on July 2, 2021.
             Was an Elder of Trog.
             Slain by a gnoll sergeant (7 damage)
             ... on level 10 of the Dungeon.
             The game lasted 00:12:26 (10037 turns).

kazelolz the Cleaver (Minotaur Berserker)          Turns: 10037, Time: 00:12:26

Health: -3/102     AC:  4    Str: 25    XL:     11   Next: 29%
Magic:  10/10      EV:  8    Int:  5    God:    Trog [****..]
Gold:   597        SH: 19    Dex: 16    Spells: 10/10 levels left

rFire    . . .     SeeInvis +   I - +1 war axe
rCold    . . .     Faith    .   o - +1 tower shield
rNeg     . . .     Spirit   .   G - +0 chain mail
rPois    +         Reflect  .   (helmet restricted)
rElec    .         Harm     .   q - +1 cloak {rPois}
rCorr    .         Rampage  .   v - +0 pair of gloves
Will     ++...                  a - +0 pair of boots of the Game of Kings {Dex+7}
Stlth    ..........             (no amulet)
HPRegen  1.27/turn              E - +4 ring of slaying
MPRegen  0.12/turn              b - ring of see invisible

@: strong-willed (expiring), corroded, on berserk cooldown, regenerating
(expiring), slowed, very slow
A: horns 2, retaliatory headbutt
a: Renounce Religion, Berserk, Trog's Hand, Brothers in Arms


You were on level 10 of the Dungeon.
You worshipped Trog.
Trog was greatly pleased with you.
You visited 1 branch of the dungeon, and saw 10 of its levels.

You collected 597 gold pieces.

Inventory:

Hand Weapons
 H - a +1 scimitar of flaming
 I - a +1 war axe (weapon)
Missiles
 w - 2 curare-tipped darts (quivered)
Armour
 a - the +0 pair of boots of the Game of Kings (worn) {Dex+7}
   (You acquired it on level 8 of the Dungeon)

   Dex:       It affects your dexterity (+7).
 o - a +1 tower shield (worn)
 q - a +1 cloak of poison resistance (worn)
 v - a +0 pair of gloves (worn)
 G - a +0 chain mail (worn)
Jewellery
 b - a ring of see invisible (right hand)
 E - a +4 ring of slaying (left hand)
Wands
 c - a wand of flame (7)
 h - a wand of iceblast (1)
 p - a wand of paralysis (1)
Scrolls
 e - a scroll of holy word
 f - a scroll of teleportation
 g - 3 scrolls of enchant armour
 t - a scroll of magic mapping
 u - 2 scrolls of enchant weapon
 y - a scroll of fog
 A - 2 scrolls of identify
 C - a scroll of blinking
Potions
 d - a potion of heal wounds {unknown}
 i - 4 potions of lignification
 j - 4 potions of curing
 k - a potion of magic {unknown}
 l - 2 potions of invisibility
 m - 3 potions of attraction {unknown}
 n - 2 potions of brilliance {unknown}
 r - a potion of might {unknown}
 s - 2 potions of degeneration {unknown}
 D - a potion of ambrosia {unknown}


   Skills:
 * Level 11.2 Fighting
 + Level 11.6 Axes
 + Level 8.8 Armour
 + Level 5.4 Dodging
 + Level 1.4 Stealth
 + Level 10.2 Shields


You had 10 spell levels left.
You didn't know any spells.
Your spell library was empty.

Dungeon Overview and Level Annotations

Branches:
Dungeon (10/15)            Temple (0/1) D:4             Orc (0/2) D:9
   Lair: D:8-11

Altars:
Fedhas
Gozag
Kikubaaqudgha
Makhleb
Nemelex Xobeh
Okawaru
Qazlal
Sif Muna
Trog
Uskayaw
Xom
The Shining One


Innate Abilities, Weirdness & Mutations

You have a pair of horns on your head.
You reflexively headbutt those who attack you in melee.


Message History

The yak gores you.
* * * LOW HITPOINT WARNING * * *
You slice the yak!!
You kill the yak!
Trog accepts your kill.
The kobold throws a stone.
You block the stone.
You hit the kobold. Your headbutt misses the kobold.
The kobold is moderately wounded.
You block the kobold's attack.
You slice the kobold!!
You kill the kobold!
Trog accepts your kill.
You hit the shadow. You headbutt the shadow.
The shadow is moderately damaged.
You block the shadow's attack.
Your chain mail prevents you from hitting the shadow.
You headbutt the shadow!
The shadow is severely damaged.
You block the shadow's attack.
You slice the shadow!!
You destroy the shadow!
Trog accepts your kill.
You are no longer berserk.
You are exhausted.
You feel yourself slow down. You block the wyvern's attack.
You hit the wyvern but do no damage.
You feel the effects of Trog's Hand fading.
You block the wyvern's attack. You block the gnoll sergeant's attack.
The wyvern closely misses you.
A centaur comes into view.
You block the gnoll sergeant's attack.
The centaur shouts!
You hit the wyvern.
The wyvern is lightly wounded.
You block the wyvern's attack. The wyvern bites you!
* * * LOW HITPOINT WARNING * * *
You block the gnoll sergeant's attack. The wyvern bites you!
* * * LOW HITPOINT WARNING * * *
The gnoll sergeant hits you from afar with a +0 spear!
You die...

#...........#
#...#..#....#
#...#..#..#.#
#.......<...#
#....########
#.##.#....... #
#.#.......
#.###g##.........
...c.Kl@[........
##Z#########.####
.. P.. ♣.


You could see a wyvern, a gnoll sergeant, a centaur, a centaur zombie and a
kobold.

Vanquished Creatures
  Erica (D:8)
  A two-headed ogre (D:8)
  Pikel (D:6)
  Maurice (D:9)
  3 kobold demonologists
  Maggie (D:6)
  Grinder (D:3)
  2 hornets
  A shadow (D:10)
  10 yaks
  A wyvern (D:7)
  A steam dragon (D:8)
  An acid dragon (D:10)
  2 water moccasins
  Duvessa (D:6)
  2 sky beasts
  5 orc warriors
  An ice beast (D:8)
  2 necrophages
  2 centaurs
  7 kobold brigands
  3 scorpions
  3 bullfrogs
  Dowan (D:6)
  A wyvern skeleton (D:5)
  2 water moccasin skeletons
  12 killer bees
  3 wights (D:8)
  2 centaur zombies
  A bullfrog zombie (D:7)
  A jelly (D:6)
  2 bullfrog skeletons
  An orc priest (D:9)
  2 hounds
  Jessica (D:2)
  A centaur skeleton (D:7)
  Natasha (thrice) (D:3)
  Terence (D:2)
  2 iguanas
  8 orc wizards
  Robin (D:3)
  7 adders
  2 shadow imps
  2 white imps
  An ufetubus (D:5)
  A worm (D:4)
  6 dart slugs
  18 orcs
  3 ball pythons
  8 endoplasms
  12 goblins
  16 hobgoblins
  8 jackals
  30 kobolds
  A quokka (D:2)
  6 bats
  2 frilled lizards
  3 rats
224 creatures vanquished.

Notes
Turn   | Place    | Note
-------+----------+-------------------------------------------
     0 | D:1      | kazelolz the Minotaur Berserker began the quest for the
                  | Orb.
     0 | D:1      | Reached XP level 1. HP: 19/19 MP: 0/0
   199 | D:1      | Reached XP level 2. HP: 18/27 MP: 1/1
   432 | D:1      | Found a faded altar of an unknown god.
   935 | D:2      | Noticed Terence
   941 | D:2      | Killed Terence
   942 | D:2      | Reached XP level 3. HP: 22/34 MP: 2/2
  1312 | D:2      | Reached XP level 4. HP: 41/41 MP: 3/3
  1429 | D:2      | Reached ** piety under Trog
  1551 | D:2      | Noticed Jessica
  1556 | D:2      | Killed Jessica
  1557 | D:2      | Reached skill level 5 in Axes
  2091 | D:3      | Paralysed by a hobgoblin for 6 turns
  2135 | D:3      | Noticed a scorpion
  2148 | D:3      | Killed a scorpion
  2149 | D:3      | Reached skill level 5 in Fighting
  2149 | D:3      | Reached XP level 5. HP: 43/48 MP: 4/4
  2306 | D:3      | Found an iron altar of Okawaru.
  2353 | D:3      | Noticed Grinder
  2355 | D:3      | Noticed Natasha
  2357 | D:3      | Paralysed by Grinder for 2 turns
  2375 | D:3      | Killed Grinder
  2376 | D:3      | Reached skill level 1 in Shields
  2376 | D:3      | Reached XP level 6. HP: 11/57 MP: 5/5
  2377 | D:3      | Killed Natasha
  2689 | D:3      | Noticed Natasha
  2695 | D:3      | Killed Natasha
  2734 | D:3      | Noticed Robin
  2742 | D:3      | Killed Robin
  2746 | D:3      | Reached XP level 7. HP: 62/63 MP: 6/6
  3013 | D:3      | Noticed Natasha
  3021 | D:3      | Killed Natasha
  3908 | D:4      | Found a shimmering altar of Xom.
  3923 | D:4      | Reached *** piety under Trog
  3960 | D:4      | Found a staircase to the Ecumenical Temple.
  4176 | D:4      | Found a blossoming altar of Fedhas.
  4317 | D:5      | Entered Level 5 of the Dungeon
  4542 | D:5      | Reached skill level 1 in Stealth
  4663 | D:5      | Found a burning altar of Makhleb.
  4663 | D:5      | Noticed a green death
  4666 | D:5      | Noticed a ynoxinul
  4666 | D:5      | Noticed a neqoxec
  4698 | D:5      | Found a stormy altar of Qazlal.
  5023 | D:6      | Reached XP level 8. HP: 51/71 MP: 7/7
  5198 | D:6      | Noticed Maggie
  5216 | D:6      | Killed Maggie
  5217 | D:6      | Reached skill level 5 in Armour
  5217 | D:6      | Reached skill level 5 in Shields
  5447 | D:6      | Noticed Pikel
  5450 | D:6      | Noticed Dowan
  5455 | D:6      | Noticed Duvessa
  5462 | D:6      | Killed Pikel
  5463 | D:6      | Reached XP level 9. HP: 41/81 MP: 8/8
  5469 | D:6      | Killed Duvessa
  5471 | D:6      | Killed Dowan
  5775 | D:6      | Found a sparkling altar of Nemelex Xobeh.
  5933 | D:7      | Found a bloodstained altar of Trog.
  6396 | D:7      | Reached **** piety under Trog
  6744 | D:7      | Found a shimmering blue altar of Sif Muna.
  7330 | D:8      | Reached skill level 5 in Dodging
  7336 | D:8      | Reached XP level 10. HP: 50/91 MP: 9/9
  7604 | D:8      | Noticed a two-headed ogre
  7612 | D:8      | Killed a two-headed ogre
  7613 | D:8      | Reached skill level 10 in Axes
  8057 | D:8      | Noticed Erica
  8074 | D:8      | Killed Erica
  8075 | D:8      | Reached skill level 10 in Fighting
  8252 | D:8      | Identified a scroll of acquirement
  8252 | D:8      | Acquired the +0 pair of boots of the Game of Kings {Dex+7}
  8912 | D:9      | Found a hide-covered altar of Uskayaw.
  8912 | D:9      | Found an ancient bone altar of Kikubaaqudgha.
  8912 | D:9      | Found an opulent altar of Gozag.
  9024 | D:9      | Noticed Maurice
  9046 | D:9      | Killed Maurice
  9335 | D:9      | Found a staircase to the Orcish Mines.
  9349 | D:9      | Reached XP level 11. HP: 91/101 MP: 10/10
  9505 | D:9      | Reached skill level 10 in Shields
  9701 | D:9      | Found a glowing golden altar of the Shining One.
  9995 | D:10     | Entered Level 10 of the Dungeon
 10013 | D:10     | Noticed a sixfirhy
 10037 | D:10     | HP: 4/102 [wyvern (17)]
 10037 | D:10     | Slain by a gnoll sergeant

Illustrated notes

Levels and vault maps discovered:
D:1:      minmay_arrival_semitransparent, layout_basic,
          shapermc_ecumenical_altar_totnotflames
D:2:      minmay_general_purpose_star, layout_loops_ring, uniq_jessica,
          uniq_terence
D:3:      cheibrodos_thug_alley, layout_basic, kennysheep_okawaru_gauntlet,
          uniq_grinder, uniq_natasha, uniq_robin
D:4:      layout_rooms, xom_teletrap_fun, marbit_many_paths,
          minmay_temple_entry_ruins
D:5:      layout_rooms, makhleb_altar_promises_db, lemuel_coloured_pillars_altar
D:6:      layout_basic, nicolae_overflow_hidden_temple, uniq_pikel, uniq_maggie,
          uniq_duvessa
D:7:      layout_gridville, lemuel_crystal_altar, kennysheep_orc_sif_temple
D:8:      layout_loops_ring, uniq_erica
D:9:      layout_basic, tso_metal_star, gammafunk_temple_overflow_forgotten,
          david_orc_2, uniq_maurice
D:10:     minmay_the_grid_3x3 [minmay_the_grid_small_cups,
          minmay_the_grid_outer_diamond, minmay_the_grid_garden,
          minmay_the_grid_rooms, minmay_the_grid_dragon_a,
          minmay_the_grid_minigrid_large, minmay_the_grid_fan,
          minmay_the_grid_aliased_spiral, minmay_the_grid_prize_diamond_cup],
          layout_stronghold, lair_entry_dummy, feat_on_display

Skill      XL: |  1  2  3  4  5  6  7  8  9 10 11 |
---------------+----------------------------------+-----
Axes           | 4 5 6 7 8 9 11 | 11.6
Fighting       | 4 5 6 8 9 10 11 | 11.2
Armour         | 3 4 5 7 8 |  8.8
Dodging        | 3 4 5 |  5.4
Shields        | 1 2 4 6 8 9 10 | 10.2
Stealth        | 1 |  1.4

Action                   |  1- 3 |  4- 6 |  7- 9 | 10-12 || total
-------------------------+-------+-------+-------+-------++-------
Melee: Hand axe          |    61 |    75 |   334 |    39 ||   509
       Headbutt          |    10 |    15 |    70 |    47 ||   142
       Spear             |       |       |     7 |       ||     7
       War axe           |       |       |       |   160 ||   160
Invok: Berserk           |     1 |     2 |     3 |     3 ||     9
       Trog's Hand       |       |     3 |     4 |     2 ||     9
  Use: Scroll            |       |       |       |    13 ||    13
Armor: Animal skin       |    14 |       |       |       ||    14
       Scale mail        |     8 |    50 |    92 |       ||   150
       Chain mail        |       |       |    29 |    49 ||    78
Dodge: Dodged            |    42 |    29 |    60 |    28 ||   159
       Repelled          |       |       |     2 |       ||     2
Block: Tower shield      |       |    51 |   347 |   203 ||   601

Table legend: (Time is in decaauts)
 A = Elapsed time spent in this place.
 B = Non-inter-level travel time spent in this place.
 C = Inter-level travel time spent in this place.
 D = Time resting spent in this place.
 E = Time spent auto-exploring this place.
 F = Levels seen in this place.
 G = Mean time per level.
                   A        B        C        D        E       F      G
               +--------+--------+--------+--------+--------+-----+--------+
         Total |  10285 |  10033 |    252 |      0 |   8446 |  10 | 1028.5 |
       Dungeon |  10285 |  10033 |    252 |      0 |   8446 |  10 | 1028.5 |
               +--------+--------+--------+--------+--------+-----+--------+

Top non-repeatable levels by time:
     D:8: 1755 daAuts
     D:3: 1716 daAuts
     D:7: 1318 daAuts
     D:9: 1213 daAuts
     D:2: 1122 daAuts
     D:1: 858 daAuts
     D:6: 823 daAuts
     D:4: 722 daAuts
     D:5: 712 daAuts
    D:10: 42 daAuts
